3031 views
Uploaded 2020-02-22 15:53:52
Game version 1.32 / 1.32.1
15:05 long 4on4 ladder game on (8)MarketSquare
Saved by TALONSARIMBA
3031 views
Uploaded 2020-02-22 15:53:52
Game version 1.32 / 1.32.1
15:05 long 4on4 ladder game on (8)MarketSquare


90 units @ 12.7k
/ 2.1k
68 buildings @ 9.9k
/ 4.4k

| Scroll of Regeneration | 3 | 300 |
| Potion of Healing | 1 | 150 |
| total: | 4 | 450g |
| Peasant | 12 | 900 | / | 0 |
| Gryphon Rider | 3 | 840 | / | 210 |
| total: | 15 | 1740g | / | 210w |
| Altar of Kings | 1 | 180 | / | 50 |
| Farm | 14 | 1120 | / | 280 |
| Lumber Mill | 1 | 120 | / | 0 |
| Blacksmith | 1 | 140 | / | 60 |
| Arcane Vault | 1 | 130 | / | 30 |
| Gryphon Aviary | 3 | 420 | / | 450 |
| Keep | 1 | 320 | / | 210 |
| Castle | 1 | 360 | / | 210 |
| total: | 21 | 2110g | / | 870w |
| 0:02 | Peasant |
| 0:02 | Peasant |
| 0:02 | Peasant |
| 0:20 | Altar of Kings |
| 0:24 | Peasant |
| 0:24 | Peasant |
| 0:24 | Peasant |
| 0:49 | Farm |
| 0:53 | Peasant |
| 0:53 | Peasant |
| 1:03 | Farm |
| 1:27 | Farm |
| 2:05 | Farm |
| 2:10 | Peasant |
| 2:10 | Peasant |
| 2:10 | Peasant |
| 2:10 | Peasant |
| 2:13 | Lumber Mill |
| 2:29 | Summon Water Elemental |
| 3:13 | Keep |
| 3:25 | Blacksmith |
| 4:48 | Arcane Vault |
| 5:36 | Castle |
| 5:38 | Improved Lumber Harvesting |
| 6:10 | Gryphon Aviary |
| 6:13 | Gryphon Aviary |
| 6:17 | Brilliance Aura |
| 6:32 | Gryphon Aviary |
| 6:35 | Studded Leather Armor |
| 6:51 | Farm |
| 6:52 | Farm |
| 6:58 | Farm |
| 6:58 | Farm |
| 7:03 | Farm |
| 7:04 | Farm |
| 7:04 | Farm |
| 7:41 | Reinforced Leather Armor |
| 8:01 | Gryphon Rider |
| 8:07 | Iron Forged Swords |
| 8:28 | Farm |
| 8:29 | Farm |
| 8:30 | Farm |
| 8:51 | Gryphon Rider |
| 9:11 | Scroll of Regeneration |
| 9:11 | Potion of Healing |
| 9:17 | Scroll of Regeneration |
| 9:17 | Scroll of Regeneration |
| 9:52 | Gryphon Rider |
| 9:58 | Storm Hammers |
| 11:30 | Summon Water Elemental |
| Right click | 277 |
| Select | 134 |
| Build/train/purchase | 44 |
| Resource trade | 11 |
| Minimap ping | 5 |
| Assign group | 2 |
| Use ability | 2 |
| Select group | 2 |


| Healing Salve | 3 | 300 |
| Lesser Clarity Potion | 2 | 140 |
| Orb of Lightning | 1 | 375 |
| Scroll of Town Portal | 2 | 700 |
| Potion of Lesser Invulnerability | 1 | 150 |
| total: | 9 | 1665g |
| Peon | 15 | 1125 | / | 0 |
| Troll Headhunter | 9 | 1260 | / | 180 |
| Shaman | 3 | 390 | / | 60 |
| Troll Berserker | 1 | 140 | / | 20 |
| total: | 28 | 2915g | / | 260w |
| Watch Tower | 5 | 550 | / | 400 |
| Altar of Storms | 1 | 180 | / | 50 |
| Orc Burrow | 6 | 960 | / | 240 |
| War Mill | 1 | 205 | / | 0 |
| Barracks | 1 | 180 | / | 50 |
| Voodoo Lounge | 3 | 390 | / | 90 |
| Great Hall | 1 | 385 | / | 185 |
| Spirit Lodge | 2 | 300 | / | 300 |
| Stronghold | 1 | 315 | / | 190 |
| Fortress | 1 | 325 | / | 190 |
| total: | 20 | 3150g | / | 1315w |
| 0:04 | Peon |
| 0:04 | Peon |
| 0:09 | Altar of Storms |
| 0:12 | Orc Burrow |
| 0:29 | Peon |
| 0:51 | War Mill |
| 0:54 | Peon |
| 1:07 | Barracks |
| 1:13 | Peon |
| 1:26 | Peon |
| 1:39 | Peon |
| 1:45 | Orc Burrow |
| 2:02 | Peon |
| 2:09 | Troll Headhunter |
| 2:15 | Feral Spirit |
| 2:20 | Troll Headhunter |
| 2:51 | Stronghold |
| 3:11 | Voodoo Lounge |
| 3:14 | Voodoo Lounge |
| 3:16 | Troll Headhunter |
| 3:44 | Troll Headhunter |
| 3:57 | Orc Burrow |
| 4:00 | Troll Headhunter |
| 4:21 | Healing Salve |
| 4:21 | Lesser Clarity Potion |
| 4:23 | Healing Salve |
| 4:56 | Chain Lighting |
| 5:16 | Great Hall |
| 5:21 | Troll Regeneration |
| 6:22 | Chain Lighting |
| 6:32 | Troll Headhunter |
| 6:36 | Spirit Lodge |
| 6:38 | Spirit Lodge |
| 6:42 | Orc Burrow |
| 6:52 | Healing Salve |
| 7:11 | War Stomp |
| 7:46 | Troll Headhunter |
| 7:47 | Fortress |
| 7:53 | Peon |
| 7:53 | Peon |
| 8:05 | Potion of Lesser Invulnerability |
| 8:18 | Shaman Adept Training |
| 8:52 | Shaman |
| 8:54 | Troll Headhunter |
| 8:56 | Peon |
| 8:56 | Peon |
| 8:58 | Watch Tower |
| 9:00 | Watch Tower |
| 9:34 | Watch Tower |
| 9:36 | Watch Tower |
| 9:52 | Watch Tower |
| 10:02 | Shaman |
| 10:06 | Peon |
| 10:11 | Shaman Master Training |
| 10:12 | Peon |
| 10:12 | Peon |
| 10:30 | Reinforced Defenses |
| 10:41 | Voodoo Lounge |
| 10:51 | Scroll of Town Portal |
| 10:54 | Endurance Aura |
| 11:13 | Berserker Upgrade |
| 11:30 | Troll Headhunter |
| 11:31 | Shaman |
| 12:18 | Feral Spirit |
| 12:30 | Troll Berserker |
| 12:32 | Steel Ranged Weapons |
| 12:43 | Lesser Clarity Potion |
| 12:45 | Orb of Lightning |
| 13:10 | Scroll of Town Portal |
| 13:40 | Endurance Aura |
| 13:48 | Orc Burrow |
| 13:51 | Orc Burrow |
| 13:54 | Steel Armor |
| Right click | 760 |
| Select group | 406 |
| Select | 196 |
| Build/train/purchase | 75 |
| Assign group | 22 |
| Use ability | 19 |
| Misc. action | 7 |
| Minimap ping | 4 |
| Item give/drop | 3 |
| Remove unit | 1 |


| Rod of Necromancy | 2 | 300 |
| Potion of Healing | 1 | 150 |
| Scroll of Town Portal | 1 | 350 |
| total: | 4 | 800g |
| Acolyte | 2 | 150 | / | 0 |
| Ghoul | 3 | 360 | / | 0 |
| Crypt Fiend | 12 | 2580 | / | 480 |
| Frost Wyrm | 5 | 1925 | / | 600 |
| total: | 22 | 5015g | / | 1080w |
| Nerubian Tower | 1 | 100 | / | 20 |
| Graveyard | 1 | 215 | / | 0 |
| Crypt | 1 | 200 | / | 50 |
| Altar of Darkness | 1 | 180 | / | 50 |
| Ziggurat | 6 | 900 | / | 300 |
| Tomb of Relics | 1 | 130 | / | 30 |
| Sacrificial Pit | 1 | 75 | / | 150 |
| Boneyard | 2 | 350 | / | 400 |
| Halls of the Dead | 1 | 320 | / | 210 |
| Black Citadel | 1 | 325 | / | 230 |
| total: | 13 | 2050g | / | 980w |
| 0:04 | Acolyte |
| 0:07 | Graveyard |
| 0:10 | Crypt |
| 0:17 | Acolyte |
| 0:40 | Altar of Darkness |
| 0:57 | Ziggurat |
| 0:58 | Ziggurat |
| 1:14 | Ghoul |
| 1:22 | Tomb of Relics |
| 1:49 | Crypt Fiend |
| 1:58 | Ziggurat |
| 2:23 | Crypt Fiend |
| 2:31 | Nerubian Tower |
| 2:47 | Rod of Necromancy |
| 2:48 | Death Coil |
| 3:08 | Crypt Fiend |
| 3:36 | Crypt Fiend |
| 4:01 | Ziggurat |
| 4:13 | Halls of the Dead |
| 4:16 | Unholy Aura |
| 4:24 | Ghoul |
| 5:01 | Ghoul |
| 5:17 | Creature Attack |
| 5:43 | Crypt Fiend |
| 6:06 | Crypt Fiend |
| 6:07 | Ziggurat |
| 7:08 | Rod of Necromancy |
| 7:19 | Crypt Fiend |
| 7:44 | Black Citadel |
| 7:56 | Crypt Fiend |
| 8:00 | Frost Nova |
| 8:54 | Sacrificial Pit |
| 8:55 | Ziggurat |
| 9:32 | Death Coil |
| 9:41 | Crypt Fiend |
| 10:15 | Boneyard |
| 10:15 | Boneyard |
| 10:16 | Crypt Fiend |
| 10:26 | Web |
| 11:17 | Crypt Fiend |
| 11:31 | Frost Wyrm |
| 11:34 | Frost Wyrm |
| 12:31 | Scroll of Town Portal |
| 12:31 | Potion of Healing |
| 12:41 | Frost Wyrm |
| 12:42 | Frost Wyrm |
| 13:35 | Frost Wyrm |
| 13:55 | Crypt Fiend |
| 13:56 | Frost Armor |
| Right click | 978 |
| Select group | 848 |
| Select | 268 |
| Misc. action | 62 |
| Build/train/purchase | 51 |
| Assign group | 27 |
| Use ability | 19 |
| Remove unit | 1 |
| Minimap ping | 1 |

| Potion of Mana | 1 | 200 |
| Lesser Clarity Potion | 1 | 70 |
| Potion of Healing | 2 | 300 |
| Dust of Appearance | 1 | 75 |
| Orb of Fire | 1 | 325 |
| total: | 6 | 970g |
| Wisp | 12 | 720 | / | 0 |
| Archer | 5 | 650 | / | 50 |
| Dryad | 4 | 580 | / | 240 |
| Gryphon Rider | 4 | 1120 | / | 280 |
| total: | 25 | 3070g | / | 570w |
| Altar of Elders | 1 | 180 | / | 50 |
| Moon Well | 4 | 720 | / | 160 |
| Ancient of War | 1 | 150 | / | 60 |
| Ancient of Wonders | 2 | 180 | / | 60 |
| Hunter's Hall | 1 | 210 | / | 100 |
| Tree of Life | 2 | 680 | / | 370 |
| Ancient of Lore | 3 | 465 | / | 435 |
| Tree of Ages | 1 | 320 | / | 180 |
| Tree of Eternity | 1 | 330 | / | 200 |
| total: | 14 | 2585g | / | 1235w |
| 0:02 | Wisp |
| 0:11 | Altar of Elders |
| 0:15 | Wisp |
| 0:19 | Moon Well |
| 0:28 | Wisp |
| 0:37 | Wisp |
| 0:48 | Ancient of War |
| 0:52 | Wisp |
| 0:52 | Wisp |
| 1:00 | Wisp |
| 1:29 | Moon Well |
| 1:34 | Wisp |
| 1:42 | Ancient of Wonders |
| 1:49 | Archer |
| 2:01 | Wisp |
| 2:01 | Wisp |
| 2:10 | Shadow Strike |
| 2:29 | Archer |
| 2:50 | Archer |
| 2:58 | Archer |
| 3:34 | Archer |
| 3:54 | Tree of Ages |
| 3:57 | Hunter's Hall |
| 4:00 | Moon Well |
| 4:12 | Dust of Appearance |
| 4:44 | Blink |
| 4:48 | Moon Well |
| 5:59 | Ultravision |
| 5:59 | Strength of the Wild |
| 6:27 | Ancient of Lore |
| 6:40 | Ancient of Lore |
| 6:42 | Ancient of Lore |
| 7:00 | Improved Bows |
| 7:02 | Potion of Mana |
| 7:26 | Wisp |
| 7:26 | Wisp |
| 7:28 | Reinforced Hides |
| 8:15 | Dryad |
| 8:25 | Shadow Strike |
| 8:45 | Tree of Eternity |
| 8:57 | Dryad |
| 9:33 | Tree of Life |
| 9:54 | Ancient of Wonders |
| 9:56 | Abolish Magic |
| 9:56 | Dryad |
| 10:14 | Dryad |
| 10:42 | Lesser Clarity Potion |
| 10:43 | Potion of Healing |
| 10:49 | Potion of Healing |
| 11:29 | Tree of Life |
| 12:55 | Gryphon Rider |
| 13:08 | Orb of Fire |
| 13:54 | Gryphon Rider |
| 13:54 | Gryphon Rider |
| 14:00 | Gryphon Rider |
| 14:37 | Black Gunpowder |
| Right click | 481 |
| Select group | 415 |
| Select | 182 |
| Misc. action | 77 |
| Build/train/purchase | 55 |
| Use ability | 22 |
| Assign group | 21 |
| Resource trade | 12 |
| Remove unit | 3 |
| Esc | 3 |
| Minimap ping | 3 |
| Item give/drop | 1 |
102 units @ 11.2k
/ 0.9k
85 buildings @ 10.1k
/ 4.1k



| Lesser Clarity Potion | 5 | 350 |
| Potion of Mana | 4 | 800 |
| Staff of Sanctuary | 1 | 250 |
| Potion of Healing | 1 | 150 |
| Dust of Appearance | 1 | 75 |
| Boots of Speed | 3 | 750 |
| Circlet of Nobility | 1 | 175 |
| Staff of Teleportation | 1 | 150 |
| total: | 17 | 2700g |
| Peasant | 17 | 1275 | / | 0 |
| Footman | 5 | 675 | / | 0 |
| total: | 22 | 1950g | / | 0w |
| Scout Tower | 15 | 450 | / | 300 |
| Arcane Tower | 2 | 140 | / | 100 |
| Guard Tower | 8 | 560 | / | 400 |
| Altar of Kings | 1 | 180 | / | 50 |
| Farm | 6 | 480 | / | 120 |
| Barracks | 1 | 160 | / | 60 |
| Lumber Mill | 1 | 120 | / | 0 |
| Arcane Vault | 2 | 260 | / | 60 |
| Town Hall | 1 | 385 | / | 205 |
| Blacksmith | 1 | 140 | / | 60 |
| Keep | 1 | 320 | / | 210 |
| Castle | 1 | 360 | / | 210 |
| total: | 28 | 2175g | / | 855w |
| 0:02 | Peasant |
| 0:02 | Peasant |
| 0:04 | Altar of Kings |
| 0:17 | Farm |
| 0:19 | Peasant |
| 0:22 | Barracks |
| 0:32 | Peasant |
| 0:47 | Peasant |
| 0:50 | Farm |
| 1:21 | Peasant |
| 1:21 | Peasant |
| 1:23 | Footman |
| 1:38 | Scout Tower |
| 1:44 | Footman |
| 1:53 | Farm |
| 1:55 | Peasant |
| 2:03 | Storm Bolt |
| 2:08 | Arcane Tower |
| 2:09 | Footman |
| 2:15 | Peasant |
| 2:38 | Footman |
| 2:39 | Peasant |
| 2:51 | Lumber Mill |
| 2:53 | Scout Tower |
| 3:30 | Thunder Clap |
| 3:31 | Keep |
| 3:32 | Arcane Tower |
| 3:35 | Arcane Vault |
| 3:45 | Footman |
| 3:54 | Guard Tower |
| 4:40 | Thunder Clap |
| 5:58 | Castle |
| 6:06 | Scout Tower |
| 6:07 | Farm |
| 6:09 | Improved Lumber Harvesting |
| 6:11 | Farm |
| 6:27 | Scout Tower |
| 6:51 | Storm Bolt |
| 7:03 | Guard Tower |
| 7:20 | Boots of Speed |
| 7:20 | Boots of Speed |
| 7:23 | Siphon Mana |
| 7:23 | Lesser Clarity Potion |
| 7:23 | Lesser Clarity Potion |
| 7:24 | Potion of Mana |
| 7:38 | Improved Masonry |
| 7:40 | Scout Tower |
| 7:43 | Farm |
| 8:12 | Guard Tower |
| 8:14 | Scout Tower |
| 8:49 | Guard Tower |
| 9:16 | Holy Light |
| 9:18 | Lesser Clarity Potion |
| 9:18 | Lesser Clarity Potion |
| 9:18 | Staff of Sanctuary |
| 9:25 | Potion of Mana |
| 9:42 | Advanced Masonry |
| 10:36 | Scout Tower |
| 10:37 | Scout Tower |
| 10:38 | Scout Tower |
| 10:38 | Scout Tower |
| 10:39 | Scout Tower |
| 11:07 | Guard Tower |
| 11:10 | Town Hall |
| 11:12 | Scout Tower |
| 11:12 | Scout Tower |
| 11:12 | Scout Tower |
| 11:14 | Scout Tower |
| 11:21 | Banish |
| 11:32 | Blacksmith |
| 11:33 | Peasant |
| 11:33 | Peasant |
| 11:33 | Peasant |
| 11:34 | Advanced Lumber Harvesting |
| 11:46 | Guard Tower |
| 11:55 | Divine Shield |
| 12:13 | Potion of Healing |
| 12:13 | Potion of Mana |
| 12:17 | Dust of Appearance |
| 12:21 | Potion of Mana |
| 12:21 | Lesser Clarity Potion |
| 12:36 | Guard Tower |
| 13:04 | Peasant |
| 13:04 | Peasant |
| 13:17 | Thunder Clap |
| 13:27 | Boots of Speed |
| 13:27 | Circlet of Nobility |
| 13:28 | Staff of Teleportation |
| 13:31 | Siphon Mana |
| 13:33 | Peasant |
| 13:37 | Holy Light |
| 13:39 | Arcane Vault |
| 13:41 | Imbued Masonry |
| 13:46 | Black Gunpowder |
| 13:47 | Peasant |
| Select group | 1518 |
| Select | 1271 |
| Right click | 1263 |
| Misc. action | 291 |
| Build/train/purchase | 125 |
| Assign group | 113 |
| Use ability | 91 |
| Item give/drop | 17 |
| Esc | 3 |

| Potion of Healing | 1 | 150 |
| Scroll of Town Portal | 1 | 350 |
| Boots of Speed | 1 | 250 |
| total: | 3 | 750g |
| Wisp | 14 | 840 | / | 0 |
| Archer | 6 | 780 | / | 60 |
| Glaive Thrower | 2 | 420 | / | 130 |
| Hippogryph | 8 | 1280 | / | 160 |
| total: | 30 | 3320g | / | 350w |
| Altar of Elders | 1 | 180 | / | 50 |
| Moon Well | 6 | 1080 | / | 240 |
| Ancient of War | 2 | 300 | / | 120 |
| Ancient of Wonders | 1 | 90 | / | 30 |
| Hunter's Hall | 1 | 210 | / | 100 |
| Ancient of Wind | 2 | 300 | / | 280 |
| Tree of Ages | 1 | 320 | / | 180 |
| total: | 13 | 2160g | / | 820w |
| 0:05 | Altar of Elders |
| 0:05 | Wisp |
| 0:05 | Wisp |
| 0:05 | Wisp |
| 0:24 | Wisp |
| 0:31 | Moon Well |
| 0:42 | Ancient of War |
| 1:03 | Wisp |
| 1:03 | Wisp |
| 1:27 | Wisp |
| 1:29 | Moon Well |
| 1:44 | Archer |
| 1:45 | Archer |
| 1:56 | Wisp |
| 1:56 | Wisp |
| 2:18 | Ancient of War |
| 2:27 | Shadow Strike |
| 2:43 | Moon Well |
| 2:55 | Archer |
| 3:20 | Ancient of Wonders |
| 3:22 | Archer |
| 3:40 | Wisp |
| 4:06 | Tree of Ages |
| 4:25 | Archer |
| 4:42 | Hunter's Hall |
| 5:16 | Boots of Speed |
| 5:44 | Moon Well |
| 5:46 | Ultravision |
| 5:47 | Strength of the Moon |
| 6:02 | Glaive Thrower |
| 6:08 | Blink |
| 7:11 | Archer |
| 7:23 | Glaive Thrower |
| 7:23 | Vorpal Blades |
| 7:26 | Ancient of Wind |
| 7:27 | Ancient of Wind |
| 7:29 | Wisp |
| 7:52 | Improved Bows |
| 7:55 | Wisp |
| 7:55 | Wisp |
| 8:38 | Hippogryph |
| 9:01 | Shadow Strike |
| 9:19 | Hippogryph |
| 9:43 | Hippogryph |
| 10:12 | Moon Well |
| 10:14 | Moon Well |
| 10:15 | Improved Strength of the Moon |
| 10:32 | Scroll of Town Portal |
| 10:33 | Potion of Healing |
| 10:38 | Wisp |
| 11:29 | Hippogryph |
| 12:14 | Hippogryph |
| 12:42 | Hippogryph |
| 13:15 | Blink |
| 13:34 | Hippogryph |
| 13:55 | Reinforced Hides |
| 13:56 | Strength of the Wild |
| 13:58 | Hippogryph |
| Right click | 928 |
| Select group | 612 |
| Select | 211 |
| Build/train/purchase | 59 |
| Misc. action | 27 |
| Use ability | 25 |
| Assign group | 21 |
| Chat | 6 |
| Minimap ping | 4 |
| Remove unit | 1 |
| Esc | 1 |
⇛
TALONSARIMBA
(32)
(15:04) : 


| Orb of Fire | 1 | 325 |
| Scroll of Town Portal | 2 | 700 |
| Boots of Speed | 1 | 250 |
| total: | 4 | 1275g |
| Peasant | 15 | 1125 | / | 0 |
| Footman | 4 | 540 | / | 0 |
| Gryphon Rider | 4 | 1120 | / | 280 |
| total: | 23 | 2785g | / | 280w |
| Scout Tower | 4 | 120 | / | 80 |
| Guard Tower | 3 | 210 | / | 150 |
| Altar of Kings | 1 | 180 | / | 50 |
| Farm | 8 | 640 | / | 160 |
| Barracks | 1 | 160 | / | 60 |
| Lumber Mill | 4 | 480 | / | 0 |
| Town Hall | 1 | 385 | / | 205 |
| Arcane Vault | 1 | 130 | / | 30 |
| Blacksmith | 1 | 140 | / | 60 |
| Gryphon Aviary | 2 | 280 | / | 300 |
| Keep | 1 | 320 | / | 210 |
| Castle | 1 | 360 | / | 210 |
| total: | 23 | 2515g | / | 945w |
| 0:03 | Altar of Kings |
| 0:05 | Farm |
| 0:05 | Peasant |
| 0:20 | Peasant |
| 0:21 | Peasant |
| 0:23 | Barracks |
| 0:34 | Peasant |
| 0:41 | Farm |
| 0:52 | Peasant |
| 1:11 | Peasant |
| 1:25 | Footman |
| 1:29 | Farm |
| 1:31 | Peasant |
| 1:46 | Footman |
| 1:52 | Peasant |
| 2:10 | Footman |
| 2:16 | Summon Water Elemental |
| 2:22 | Peasant |
| 2:42 | Footman |
| 2:43 | Peasant |
| 2:59 | Peasant |
| 3:05 | Lumber Mill |
| 3:18 | Peasant |
| 3:20 | Peasant |
| 3:46 | Peasant |
| 3:53 | Brilliance Aura |
| 4:03 | Town Hall |
| 4:10 | Lumber Mill |
| 4:28 | Arcane Vault |
| 4:43 | Keep |
| 5:16 | Lumber Mill |
| 5:19 | Lumber Mill |
| 5:22 | Peasant |
| 5:38 | Farm |
| 5:44 | Improved Masonry |
| 5:49 | Summon Water Elemental |
| 6:25 | Scout Tower |
| 6:37 | Blacksmith |
| 6:44 | Scout Tower |
| 7:08 | Castle |
| 7:10 | Improved Lumber Harvesting |
| 7:16 | Brilliance Aura |
| 7:22 | Guard Tower |
| 7:23 | Guard Tower |
| 7:24 | Scout Tower |
| 8:14 | Guard Tower |
| 8:23 | Gryphon Aviary |
| 8:24 | Gryphon Aviary |
| 9:07 | Advanced Masonry |
| 9:33 | Advanced Lumber Harvesting |
| 9:49 | Storm Bolt |
| 9:59 | Gryphon Rider |
| 10:04 | Scroll of Town Portal |
| 10:06 | Orb of Fire |
| 10:41 | Storm Hammers |
| 11:07 | Gryphon Rider |
| 11:10 | Banish |
| 11:47 | Gryphon Rider |
| 12:25 | Bash |
| 12:35 | Imbued Masonry |
| 12:39 | Scout Tower |
| 12:46 | Scroll of Town Portal |
| 12:47 | Boots of Speed |
| 12:53 | Farm |
| 12:54 | Farm |
| 12:55 | Farm |
| 12:55 | Farm |
| 14:25 | Gryphon Rider |
| 14:36 | Flame Strike |
| 15:01 | Summon Water Elemental |
| Right click | 1075 |
| Select | 469 |
| Select group | 396 |
| Misc. action | 121 |
| Build/train/purchase | 84 |
| Assign group | 27 |
| Use ability | 12 |
| Resource trade | 8 |
| Minimap ping | 3 |
| Esc | 2 |


| Lesser Clarity Potion | 1 | 70 |
| Healing Salve | 4 | 400 |
| Potion of Healing | 1 | 150 |
| Potion of Mana | 1 | 200 |
| Scroll of Town Portal | 2 | 700 |
| Scroll of Healing | 1 | 250 |
| Potion of Lesser Invulnerability | 1 | 150 |
| total: | 11 | 1920g |
| Peon | 15 | 1125 | / | 0 |
| Troll Headhunter | 9 | 1260 | / | 180 |
| Wind Rider | 3 | 795 | / | 120 |
| total: | 27 | 3180g | / | 300w |
| Watch Tower | 6 | 660 | / | 480 |
| Altar of Storms | 1 | 180 | / | 50 |
| Orc Burrow | 5 | 800 | / | 200 |
| Voodoo Lounge | 2 | 260 | / | 60 |
| War Mill | 1 | 205 | / | 0 |
| Barracks | 2 | 360 | / | 100 |
| Great Hall | 1 | 385 | / | 185 |
| Beastiary | 3 | 435 | / | 420 |
| Stronghold | 1 | 315 | / | 190 |
| total: | 21 | 3285g | / | 1495w |
| 0:03 | Peon |
| 0:03 | Peon |
| 0:03 | Peon |
| 0:09 | Altar of Storms |
| 0:20 | Orc Burrow |
| 0:28 | Peon |
| 0:45 | Peon |
| 0:55 | Peon |
| 1:06 | Voodoo Lounge |
| 1:16 | War Mill |
| 1:22 | Peon |
| 1:34 | Peon |
| 2:07 | Peon |
| 2:17 | Barracks |
| 2:20 | Barracks |
| 2:23 | Lesser Clarity Potion |
| 2:25 | Feral Spirit |
| 2:41 | Orc Burrow |
| 3:12 | Orc Burrow |
| 3:49 | Troll Headhunter |
| 3:57 | Healing Salve |
| 4:05 | Troll Headhunter |
| 4:30 | Chain Lighting |
| 4:37 | Stronghold |
| 4:38 | Troll Headhunter |
| 5:01 | Troll Headhunter |
| 5:06 | Watch Tower |
| 5:24 | Troll Headhunter |
| 5:32 | Orc Burrow |
| 5:51 | Steel Ranged Weapons |
| 6:09 | Feral Spirit |
| 6:18 | Troll Headhunter |
| 6:43 | Healing Salve |
| 6:49 | Healing Salve |
| 7:17 | Great Hall |
| 7:19 | Watch Tower |
| 7:24 | Watch Tower |
| 7:38 | Watch Tower |
| 7:56 | Thorium Ranged Weapons |
| 8:26 | Watch Tower |
| 9:34 | Watch Tower |
| 9:37 | Voodoo Lounge |
| 9:42 | Reinforced Defenses |
| 9:45 | Troll Regeneration |
| 9:46 | Troll Headhunter |
| 9:48 | Scroll of Town Portal |
| 10:14 | Peon |
| 10:14 | Peon |
| 10:14 | Peon |
| 10:15 | Peon |
| 10:27 | Peon |
| 10:27 | Peon |
| 12:03 | Troll Headhunter |
| 12:12 | Beastiary |
| 12:14 | Beastiary |
| 12:16 | Beastiary |
| 13:11 | Black Arrow |
| 13:13 | Potion of Lesser Invulnerability |
| 13:14 | Scroll of Town Portal |
| 13:15 | Scroll of Healing |
| 13:21 | Wind Rider |
| 13:29 | Troll Headhunter |
| 13:32 | Healing Salve |
| 13:40 | Potion of Healing |
| 13:45 | Potion of Mana |
| 13:49 | Wind Rider |
| 14:02 | Orc Burrow |
| 14:43 | Chain Lighting |
| 14:57 | Silence |
| 15:04 | Wind Rider |
| Right click | 482 |
| Select | 259 |
| Select group | 155 |
| Build/train/purchase | 86 |
| Use ability | 21 |
| Assign group | 16 |
| Item give/drop | 2 |
| Remove unit | 1 |